 Dungeon Crawl Stone Soup version 0.24-a0-446-g87df7205b4 (webtiles) character file.

Game seed: 13650739548228008713

5627 KristoblXynda the Cleaver (level 10, 0/91 HPs)
             Began as a Minotaur Berserker on June 23, 2019.
             Was a High Priest of Trog.
             Slain by a seven-headed hydra (9 damage)
             ... on level 11 of the Dungeon.
             The game lasted 00:13:17 (6847 turns).

KristoblXynda the Cleaver (Minotaur Berserker)      Turns: 6847, Time: 00:13:18

Health: 0/91       AC: 15    Str: 23    XL:     10   Next: 46%
Magic:  10/10      EV: 14    Int:  5    God:    Trog [*****.]
Gold:   654        SH:  0    Dex: 11    Spells: 9/9 levels left

rFire    + . .     SeeInvis .   j - +5 war axe
rCold    + . .     Gourm    .   (no shield)
rNeg     . . .     Faith    .   y - +0 plate armour
rPois    .         Spirit   .   (helmet restricted)
rElec    .         Reflect  .   a - scarf {rC+ rF+}
rCorr    .         Harm     .   t - +0 pair of gloves
MR       +....                  (no boots)
Stlth    ..........             (no amulet)
HPRegen  0.25/turn              p - ring of protection from magic
MPRegen  0.12/turn              v - +4 ring of evasion

@: no status effects
A: retaliatory headbutt, horns 2
a: Berserk, Trog's Hand, Brothers in Arms, Renounce Religion


You were on level 11 of the Dungeon.
You worshipped Trog.
Trog was extremely pleased with you.
You were hungry.

You visited 2 branches of the dungeon, and saw 10 of its levels.

You collected 654 gold pieces.

Inventory:

Hand Weapons
 j - a +5 war axe (weapon)
 n - a +3 war axe
Armour
 a - a scarf of resistance (worn)
 t - a +0 pair of gloves (worn)
 y - a +0 plate armour (worn)
Jewellery
 e - a +3 ring of dexterity
 p - a ring of protection from magic (left hand)
 v - a +4 ring of evasion (right hand)
Wands
 o - a wand of paralysis (8)
 x - a wand of iceblast (8)
 z - a wand of clouds (1)
Scrolls
 g - 4 scrolls of enchant weapon
 h - 3 scrolls of teleportation
 r - a scroll of fear
Potions
 b - 2 potions of cancellation
 d - 2 potions of berserk rage
 f - 2 potions of mutation
 i - a potion of haste {unknown}
 k - 2 potions of resistance
 l - a potion of brilliance {unknown}
 m - a potion of degeneration {unknown}
 s - 3 potions of magic
Comestibles
 c - 9 rations
 u - 5 chunks of flesh


   Skills:
 + Level 9.4 Fighting
 + Level 9.7 Axes
 + Level 5.2 Throwing
 + Level 9.1 Armour
 - Level 8.1 Dodging
 + Level 1.4 Evocations


You had 9 spell levels left.
You didn't know any spells.
Your spell library contained the following spells:

 Spells                   Type           Power        Failure   Level  Hunger
 Corona                   Hex            #......      100%        1    ##.....
 Ensorcelled Hibernation  Hex/Ice        #.....       100%        2    ###....
 Confuse                  Hex            #.......     100%        3    ####...
 Dazzling Spray           Conj/Hex       #.....       100%        3    ####...
 Tukima's Dance           Hex            #.......     100%        3    ####...
 Bolt of Magma            Conj/Fire/Erth #.........   100%        5    ######.
 Iskenderun's Battlesphe  Conj/Chrm      #.......     100%        5    ######.
 Venom Bolt               Conj/Pois      #.........   100%        5    ######.
 Iron Shot                Conj/Erth      #.........   100%        6    #######
 Orb of Destruction       Conj           #.........   100%        7    #######
 Spellforged Servitor     Conj/Summ      #.........   100%        7    #######


Dungeon Overview and Level Annotations

Branches:
Dungeon (8/15)             Temple (1/1) D:5
   Lair: D:8-11

Altars:
Cheibriados
Elyvilon
Fedhas
Gozag
Hepliaklqana
Makhleb
Nemelex Xobeh
Okawaru
Qazlal
Ru
Sif Muna
Trog
Uskayaw
Vehumet
Wu Jian
Xom
Yredelemnul
Zin
The Shining One

Shops:
D:4 %   D:5 :   D:7 *


Innate Abilities, Weirdness & Mutations

You reflexively headbutt those who attack you in melee.
You have a pair of horns on your head.


Message History

* * * LOW HITPOINT WARNING * * *
The eight-headed hydra bites you but does no damage. x2
The eight-headed hydra bites you.
* * * LOW HITPOINT WARNING * * *
You see here a hippogriff skeleton.
You see here a howler monkey corpse.
Your surroundings suddenly seem different.
The seven-headed hydra roars!
Found a runed war axe and a ration.
Found a stone staircase leading down.
Your magical contamination has completely faded away.
You see here a runed war axe.
n - a runed war axe The seven-headed hydra bites you but does no damage.
The seven-headed hydra bites you!
* * * LOW HITPOINT WARNING * * *
The seven-headed hydra closely misses you.
The seven-headed hydra bites you.
* * * LOW HITPOINT WARNING * * *
The seven-headed hydra bites you!
You die...

#..# #..# #..#
# #..# #. #..#
#. #..# #..
#..#
#..######D@#
#..........#
#..........#
#.......>..#
#..........#
#..........#
#..........#
.......%....#
#####........#


You could see a seven-headed hydra.

Vanquished Creatures
  A centaur warrior (D:11)
  Grinder (D:3)
  2 hippogriffs (D:11)
  A shadow (D:11)
  2 wyverns (D:11)
  A hungry ghost (D:3)
  4 sky beasts
  2 orc warriors
  2 ice beasts
  A black bear (D:7)
  3 phantoms
  2 big kobolds
  2 bullfrogs
  A scorpion (D:5)
  12 wights (D:6)
  5 howler monkeys
  3 crimson imps
  2 bullfrog zombies (D:6)
  2 centaur zombies
  4 jellies
  4 hounds
  4 orc priests
  A bullfrog skeleton (D:6)
  13 orc wizards
  A gnoll shaman (D:6)
  4 worker ants
  2 iguanas
  Natasha (thrice) (D:3)
  A statue (D:7)
  A hound skeleton (D:7)
  2 hound zombies
  10 gnolls
  11 adders
  2 shadow imps (D:6)
  An ooze (D:2)
  A worm (D:3)
  5 dart slugs
  4 leopard geckos
  24 orcs
  5 bats
  9 giant cockroaches
  4 goblins
  9 hobgoblins
  9 jackals
  2 quokkas
  2 frilled lizards
  22 kobolds
  6 rats
215 creatures vanquished.

Vanquished Creatures (others)
  A sky beast (D:11)
1 creature vanquished.

Grand Total: 216 creatures vanquished

Notes
Turn   | Place    | Note
-------+----------+-------------------------------------------
     0 | D:1      | KristoblXynda the Minotaur Berserker began the quest for
                  | the Orb.
     0 | D:1      | Reached XP level 1. HP: 19/19 MP: 0/0
   235 | D:1      | Reached XP level 2. HP: 23/26 MP: 1/1
   896 | D:2      | Reached XP level 3. HP: 20/31 MP: 2/2
  1001 | D:2      | Reached ** piety under Trog
  1031 | D:2      | Found an opulent altar of Gozag.
  1568 | D:3      | Noticed Natasha
  1572 | D:3      | Killed Natasha
  1572 | D:3      | Reached XP level 4. HP: 23/40 MP: 3/3
  1823 | D:3      | Noticed a hungry ghost
  1834 | D:3      | Killed a hungry ghost
  1834 | D:3      | Reached skill level 5 in Axes
  1834 | D:3      | Reached XP level 5. HP: 47/47 MP: 4/4
  1848 | D:3      | Noticed Natasha
  1851 | D:3      | Killed Natasha
  1956 | D:3      | Found a snail-covered altar of Cheibriados.
  2042 | D:3      | Noticed Grinder
  2042 | D:3      | Paralysed by Grinder for 6 turns
  2053 | D:3      | Killed Grinder
  2053 | D:3      | Reached skill level 5 in Fighting
  2053 | D:3      | Reached XP level 6. HP: 56/56 MP: 5/5
  2141 | D:3      | Noticed Natasha
  2147 | D:3      | Killed Natasha
  2233 | D:3      | Reached *** piety under Trog
  2233 | D:3      | Reached XP level 7. HP: 56/61 MP: 6/6
  2474 | D:4      | Reached skill level 5 in Armour
  2677 | D:4      | Found Qutza's Food Shop.
  2682 | D:4      | Reached skill level 5 in Dodging
  3089 | D:4      | Found a sparkling altar of Nemelex Xobeh.
  3227 | D:4      | Found a deep blue altar of Sif Muna.
  3341 | D:5      | Entered Level 5 of the Dungeon
  3341 | D:5      | Found Hoowot's Book Boutique.
  3459 | D:5      | Found a white marble altar of Elyvilon.
  3518 | D:5      | Found a staircase to the Ecumenical Temple.
  3526 | D:5      | Reached **** piety under Trog
  3562 | Temple   | Entered the Ecumenical Temple
  3877 | D:5      | Reached XP level 8. HP: 68/71 MP: 7/7
  4197 | D:5      | Found an ornate altar of the Wu Jian Council.
  4469 | D:6      | Reached skill level 1 in Throwing
  4878 | D:6      | Found a glowing silver altar of Zin.
  4926 | D:6      | Reached XP level 9. HP: 74/79 MP: 8/8
  5037 | D:6      | Reached ***** piety under Trog
  5142 | D:6      | Found a hazy altar of Hepliaklqana.
  5807 | D:7      | Received a gift from Trog
  5870 | D:7      | Found Vyrchouc's Assorted Antiques.
  5885 | D:7      | Found a radiant altar of Vehumet.
  6036 | D:7      | Found a hide-covered altar of Uskayaw.
  6463 | D:8      | You fall into a shaft and drop 3 floors!
  6471 | D:11     | Reached XP level 10. HP: 65/90 MP: 9/9
  6504 | D:11     | Got a brightly glowing hand axe
  6655 | D:11     | Identified the cursed +2 hand axe "Xekiamno" {pain, rF+ MR+
                  | Int+5} (You found it on level 11 of the Dungeon)
  6687 | D:11     | Noticed a five-headed hydra
  6758 | D:11     | Reached skill level 5 in Throwing
  6771 | D:11     | Identified the +9 hand axe of Linearity {freeze, *Noise rN+
                  | Str+3}
  6771 | D:11     | Noticed a centaur warrior
  6799 | D:11     | Noticed an eight-headed hydra
  6802 | D:11     | HP: 4/91 [centaur warrior/the +9 hand axe of Linearity
                  | {freeze, *Noise rN+ Str+3} (8)]
  6817 | D:11     | Killed a centaur warrior
  6817 | D:11     | Reached skill level 1 in Evocations
  6825 | D:11     | Noticed a cyclops
  6847 | D:11     | Slain by a seven-headed hydra

Levels and vault maps discovered:
D:1:      roderic_crop_circles_arrival_small, layout_basic
D:2:      layout_rooms, nicolae_overflow_hidden_temple, lemuel_crystal_altar
D:3:      layout_loops_ring, cheibriados_altar_1, minmay_misc_feat_alley,
          grunt_decor_resistance, uniq_natasha, uniq_grinder
D:4:      layout_loops_cross, lemuel_doored_altar, marbit_many_paths,
          serial_shops, shop
D:5:      layout_loops_ring, kennysheep_mini, kennysheep_little_box,
          minmay_temple_entry_slanted, first_ration, serial_shops, shop_statue
D:6:      layout_basic, lemuel_crystal_altar, basic_altar,
          minmay_increasing_density
D:7:      layout_cave_pools, eat_drink_and_be_merry_uskayaw, vehumet_statue,
          serial_shops, shop
D:8:      layout_loops_ring, gammafunk_temple_overflow_wave
D:11:     minmay_the_grid_octo_2x2 [minmay_the_grid_octo_teeth,
          minmay_the_grid_octo_horde, minmay_the_grid_octo_concentric,
          minmay_the_grid_octo_prize_ultimate_mussel_roller], layout_long_grid,
          david_lair_shrubbed, grunt_livestock
Temple:   dpeg_chambers_temple

Skill      XL: |  1  2  3  4  5  6  7  8  9 10 |
---------------+-------------------------------+-----
Axes           | 4 5 6 8 9 |  9.7
Armour         | 3 4 5 7 8 9 |  9.1
Dodging        | 3 4 5 6 7 8 |  8.1
Fighting       | 4 5 6 7 8 9 |  9.4
Throwing       | 2 4 5 |  5.2
Evocations     | 1 |  1.4

Action                   |  1- 3 |  4- 6 |  7- 9 | 10-12 || total
-------------------------+-------+-------+-------+-------++-------
Melee: Hand axe          |    73 |    62 |    38 |    22 ||   195
       Headbutt          |    10 |    10 |    64 |     9 ||    93
       War axe           |       |       |   268 |    29 ||   297
Invok: Berserk           |       |     2 |     4 |       ||     6
       Trog's Hand       |       |       |     1 |     2 ||     3
       Brothers in Arms  |       |       |       |     1 ||     1
Evoke: Wand              |       |       |       |     5 ||     5
  Use: Scroll            |       |       |    10 |     6 ||    16
       Potion            |       |       |       |     7 ||     7
  Eat: Chunk             |     1 |     3 |    11 |     2 ||    17
       Ration            |       |     1 |     2 |       ||     3
Armor: Ring mail         |     8 |       |       |       ||     8
       Scale mail        |    29 |    24 |    44 |       ||    97
       Plate armour      |       |       |    99 |    56 ||   155
Dodge: Dodged            |    42 |    51 |   216 |    70 ||   379

Table legend:
 A = Non-vault XP
 B = Vault XP
 C = Vault XP percentage of total XP
 D = Non-vault monster count
 E = Vault monster count
 F = Vault count percentage of total count
                 A         B        C        D         E       F
            +---------+---------+-------+---------+---------+-------
      Total |    5351 |    2688 |  33.4 |     196 |      19 |   8.8
            +---------+---------+-------+---------+---------+-------
        D:1 |      26 |       0 |   0.0 |      12 |       0 |   0.0
        D:2 |      70 |       0 |   0.0 |      23 |       0 |   0.0
        D:3 |     347 |     307 |  46.9 |      25 |       2 |   7.4
        D:4 |     498 |       2 |   0.4 |      20 |       1 |   4.8
        D:5 |     630 |       0 |   0.0 |      22 |       0 |   0.0
        D:6 |    2186 |     122 |   5.3 |      52 |       5 |   8.8
        D:7 |     562 |      32 |   5.4 |      23 |       1 |   4.2
        D:8 |     732 |       0 |   0.0 |      17 |       0 |   0.0
       D:11 |     300 |    2225 |  88.1 |       2 |      10 |  83.3
            +---------+---------+-------+---------+---------+-------
